 Dungeon Crawl Stone Soup version 0.29-a0-284-gf9362112df (webtiles) character file.

Game seed: 12178928864812148598

100 jmlagarto the Magician (level 5, 0/35 HPs)
             Began as a Djinni Air Elementalist on Mar 15, 2022.
             Was a Follower of Yredelemnul.
             Slain by an ice beast (7 damage)
             ... on level 3 of the Dungeon.
             The game lasted 00:10:05 (3127 turns).

jmlagarto the Magician (Djinni Air Elementalist)    Turns: 3127, Time: 00:10:07

Health: 0/35       AC:  2    Str:  7    XL:     5   Next: 3%
Gold:   173        EV: 12    Int: 19    God:    Yredelemnul [*.....] SH:  0 Dex: 13

rFire   + + .      SeeInvis +   m - +0 dagger (freeze)
rCold   x . .      Faith    .   (no shield)
rNeg    . . .      Spirit   .   a - +0 robe
rPois   ∞          Reflect  .   (no helmet)
rElec   .          Harm     .   (no cloak)
rCorr   .          Rampage  .   (no gloves)
Will    .....                   (boots unavailable)
Stlth   ++........              (no amulet)
HPRegen 0.11/turn               j - ring of see invisible
MPRegen 0.00/turn               (no ring)

@: sluggish, flying, very slow
A: sickness immunity, fire resistance 2, cold vulnerability 1, float, innate
caster, HP casting, extra vitality 1
a: Renounce Religion, Recall Undead Harvest


You were on level 3 of the Dungeon.
You worshipped Yredelemnul.
Yredelemnul was noncommittal.
You visited 1 branch of the dungeon, and saw 3 of its levels.

You collected 173 gold pieces.

Inventory:

Hand Weapons
 m - a +0 dagger of freezing (weapon)
Missiles
 e - 8 poisoned darts
Armour
 a - a +0 robe (worn)
Jewellery
 j - a ring of see invisible (left hand)
Scrolls
 c - a scroll of holy word
 f - a scroll of magic mapping
 h - a scroll of immolation
 k - 3 scrolls of vulnerability
 o - a scroll of amnesia {unknown}
Potions
 b - a potion of attraction {unknown}
 d - 3 potions of curing
 g - 2 potions of haste
 i - a potion of mutation {unknown}
 l - 2 potions of degeneration {unknown}
 n - a potion of brilliance {unknown}
 p - a potion of cancellation {unknown}


   Skills:
 + Level 0.1 Fighting
 + Level 0.1 Short Blades
 + Level 2.6 Dodging
 + Level 2.1 Stealth
 + Level 3.7 Spellcasting


You couldn't memorise any spells.
You knew the following spells:

 Your Spells              Type           Power      Damage    Failure   Level
a - Shock                 Conj/Air       68%        1d7       3%          1
b - Static Discharge      Conj/Air       17%        N/A       4%          2
c - Swiftness             Air            17%        N/A       9%          3
d - Airstrike             Air            8%         N/A       30%         4
e - Apportation           Tloc           34%        N/A       3%          1
f - Poisonous Vapours     Pois/Air       34%        N/A       4%          2
Your spell library was empty.

Dungeon Overview and Level Annotations

Branches:
Dungeon (3/15)

Altars:
Yredelemnul


Innate Abilities, Weirdness & Mutations

You are immune to sickness and miasma.
You are immune to poison.
Your flesh is very heat resistant. (rF++)
You are vulnerable to cold. (rC-)
You float through the air rather than walking.
You learn spells naturally, not from books.
Your magical power is your life essence.
You have superior vitality. (+4 MHP)


Message History

Confirm with . or Enter, or press ? or * to list all spells.
You feel quick. The ice beast barely misses you.
Aiming: Shock (safe; 3% risk of failure)
Press: ? - help, Q - select action, (/) - cycle Shift-Dir - straight line, f/p - ice beast
Aim: an ice beast (moderately wounded, 71% to hit)
The zap hits the ice beast.
The ice beast is moderately wounded.
You see here an amulet of reflection.
You see here an amulet of reflection.
The ice beast hits you. The ice beast freezes you!
You feel a terrible chill!
* * * LOW HITPOINT WARNING * * *
Your kobold zombie barely misses the ice beast.
You see here 2 smoky inky potions.
Your kobold zombie hits the ice beast but does no damage.
You start to feel a little slower.
Your kobold zombie barely misses the ice beast.
Aiming: Shock (safe; 3% risk of failure)
Press: ? - help, Q - select action, (/) - cycle Shift-Dir - straight line, f/p - ice beast
Aim: an ice beast (moderately wounded, ally target, 71% to hit)
Really fire in your kobold zombie's direction?
Okay, then.
Your frilled lizard zombie bites the ice beast.
Aiming: Shock (safe; 3% risk of failure)
Press: ? - help, Q - select action, (/) - cycle Shift-Dir - straight line, f/p - ice beast
Aim: an ice beast (heavily wounded, ally target, 71% to hit)
Okay, then.
Casting: Shock (safe; 3% risk of failure)
Confirm with . or Enter, or press ? or * to list all spells.
You can't see any susceptible monsters within range! (Use Z to cast anyway.)
Casting: Shock (safe; 3% risk of failure)
Confirm with . or Enter, or press ? or * to list all spells.
You can't see any susceptible monsters within range! (Use Z to cast anyway.) Unknown command.
You feel sluggish.
Your quokka zombie bites the ice beast but does no damage.
The ice beast hits you.
* * * LOW HITPOINT WARNING * * *
The ice beast freezes you!
You feel a terrible chill!
You die...
Your body rises from the dead as a mindless zombie.

############# ###
ZZ..Z.......# #..
###########.# #.#
#.# #.# #.# #.#
#.# #.#
######.####.####
#......ZZ..@...#
.#........ZY....#
.#."..!..Z......#
.################
####.# ...#.#
##.#.#
.#.#.######
...........


You could see an ice beast (ally target), a friendly frilled lizard zombie, a
friendly quokka zombie and 2 friendly kobold zombies.

Vanquished Creatures
  5 adders
  3 dart slugs (D:1)
  4 bats
  6 endoplasms
  3 goblins
  2 hobgoblins
  3 jackals (D:2)
  7 kobolds
  3 quokkas
  4 ball pythons
  A frilled lizard (D:3)
  4 rats
  A rat zombie (D:3)
  2 spectral endoplasms
48 creatures vanquished.

Vanquished Creatures (collateral kills)
  A worm (D:3)
1 creature vanquished.

Vanquished Creatures (others)
  2 jackal zombies (D:2)
  A kobold zombie (D:2)
3 creatures vanquished.

Grand Total: 52 creatures vanquished

Notes
Turn   | Place    | Note
-------+----------+-------------------------------------------
     0 | D:1      | jmlagarto the Djinni Air Elementalist began the quest for
                  | the Orb.
     0 | D:1      | Reached XP level 1. HP: 15/15 MP: 0/0
   315 | D:1      | Reached XP level 2. HP: 17/21 MP: 0/0
   827 | D:1      | Reached skill level 3 in Spellcasting
   849 | D:1      | Reached XP level 3. HP: 21/25 MP: 0/0
   849 | D:1      | Learned a level 1 spell: Apportation
   981 | D:1      | Found a faded altar of an unknown god.
  1267 | D:1      | Prayed at the altar of an unknown god.
  1267 | D:1      | Became a worshipper of Yredelemnul the Dark
  1267 | D:1      | Reached * piety under Yredelemnul
  1698 | D:2      | Reached XP level 4. HP: 26/31 MP: 0/0
  2964 | D:3      | Reached XP level 5. HP: 33/35 MP: 0/0
  2964 | D:3      | Learned a level 2 spell: Poisonous Vapours
  3102 | D:3      | Noticed an ice beast
  3127 | D:3      | Slain by an ice beast

Illustrated notes

Levels and vault maps discovered:
D:1:      erik_arrival_orb_chamber, layout_basic,
          hellmonk_ecumenical_altar_blasted, chequers_mini_garden,
          chequers_serial_rivers_micro_e
D:2:      layout_basic, minmay_misc_feat_square, minmay_misc_feat_roman,
          kennysheep_generic_room_5
D:3:      layout_basic, serial_bayou_pond_a, st_stairs_14

Skill      XL: |  1  2  3  4 |
---------------+-------------+-----
Spellcasting   | 3 |  3.7
Stealth        | 2 |  2.1
Fighting       | |  0.1
Short Blades   | |  0.1
Dodging        | |  2.6

Action                   |  1- 3 |  4- 6 || total
-------------------------+-------+-------++-------
Melee: Dagger            |    11 |    14 ||    25
 Cast: Shock             |    60 |    50 ||   110
       Static Discharge  |     1 |     3 ||     4
       Swiftness         |       |     1 ||     1
  Use: Scroll            |       |     6 ||     6
Armor: Robe              |     2 |     4 ||     6
Dodge: Dodged            |    12 |    12 ||    24

Table legend: (Time is in decaauts)
 A = Elapsed time spent in this place.
 B = Non-inter-level travel time spent in this place.
 C = Inter-level travel time spent in this place.
 D = Time resting spent in this place.
 E = Time spent auto-exploring this place.
 F = Levels seen in this place.
 G = Mean time per level.
                   A        B        C        D        E       F      G
               +--------+--------+--------+--------+--------+-----+--------+
         Total |   3122 |   3035 |     87 |      0 |   2695 |   3 | 1040.7 |
       Dungeon |   3122 |   3035 |     87 |      0 |   2695 |   3 | 1040.7 |
               +--------+--------+--------+--------+--------+-----+--------+

Top non-repeatable levels by time:
     D:1: 1280 daAuts
     D:2: 1245 daAuts
     D:3: 597 daAuts
